 Dungeon Crawl Stone Soup version 0.31-a0-835-g2a3a5bc3be (webtiles) character file.

Game seed: 15966857160296162159

752 Malachi the Ruffian (level 7, -3/48 HPs)
             Began as an Octopode Shapeshifter on Sept 22, 2023.
             Was a Believer of Fedhas.
             Slain by an ice beast (14 damage)
             ... on level 5 of the Dungeon on Sept 26, 2023.
             The game lasted 00:05:40 (4348 turns).

Malachi the Ruffian (Octopode Shapeshifter)         Turns: 4348, Time: 00:05:41

Health: -3/48      AC:  1    Str: 14    XL:     7   Next: 78%
Magic:  7/7        EV: 14    Int: 12    God:    Fedhas [**....]
Gold:   222        SH:  0    Dex: 13    Spells: 6/6 levels left

rFire   . .          .
                       - Unarmed
rCold   . . .        (no shield)
rNeg    + . .        (helmet currently unavailable)
rPois   .            (no amulet)
rElec   .            g - ring of positive energy
rCorr   .            (no ring)
SInv    .            (no ring)
Will    .....        (no ring)
Stlth   ++           (no ring)
HPRegen 0.28/turn    (no ring)
MPRegen 0.10/turn    (no ring)
                     (no ring)

%: no passive effects
@: beast-form
A: beast (slay +2), almost no armour, amphibious, 8 rings, camouflage 1,
gelatinous body 1, (nimble swimmer 1), tentacles
a: Begin Untransformation, Renounce Religion, Wall of Briars


You were on level 5 of the Dungeon.
You worshipped Fedhas.
Fedhas was pleased with you.
You were a hulking beast.
You visited 1 branch of the dungeon, and saw 5 of its levels.

You collected 222 gold pieces.

Inventory:

Missiles
 j - 3 javelins
 l - 7 curare-tipped darts (quivered)
Armour
 i - a scarf of resistance
Jewellery
 g - a ring of positive energy (left tentacle)
 k - a ring of fire
Talismans
 b - a beast talisman (active)
 c - a flux talisman
Scrolls
 e - 2 scrolls of immolation {unknown}
 f - a scroll of poison {unknown}
 h - a scroll of enchant armour {unknown}
 m - a scroll of identify {unknown}
 n - 2 scrolls of teleportation {unknown}
 q - a scroll of enchant weapon {unknown}
 r - a scroll of noise {unknown}
 t - a scroll of fear {unknown}
 u - a scroll of torment {unknown}
Potions
 a - 2 potions of lignification
 d - a potion of heal wounds {unknown}
 o - a potion of brilliance {unknown}
 p - 2 potions of curing {unknown}
 s - a potion of haste {unknown}
 v - a potion of berserk rage {unknown}


   Skills:
 + Level 4.1 Fighting
 + Level 4.5 Dodging
 + Level 5.1 Unarmed Combat
 + Level 4.8 Shapeshifting


You had 6 spell levels left.
You didn't know any spells.
Your spell library contained the following spells:

 Spells                   Type           Power      Damage    Failure   Level
 Apportation              Tloc           0%         N/A       32%         1
 Necrotise                Necr           0%         1d4       32%         1
 Summon Small Mammal      Summ           0%         N/A       32%         1
 Jinxbite                 Hex            0%         N/A       45%         2
 Lesser Beckoning         Tloc           0%         N/A       45%         2
 Gell's Gravitas          Tloc           0%         N/A       69%         3
 Teleport Other           Tloc           0%         N/A       69%         3
 Alistair's Intoxication  Tmut/Pois      0%         N/A       100%        5


Dungeon Overview and Level Annotations

Branches:
Dungeon (5/15)             Temple (0/1) D:4

Altars:
Cheibriados
Fedhas
Gozag
Qazlal
Sif Muna
Uskayaw
Zin

Shops:
D:4 =


Innate Abilities, Weirdness & Mutations

You are a hulking beast.
Your limbs bulge with bestial killing power. (Slay +2)
You cannot wear most types of armour.
You are amphibious.
You can wear up to eight rings at the same time.
Your skin changes colour to match your surroundings (Stealth+).
Your rubbery body absorbs attacks. (AC +1, EV +1)
((You are camouflaged when in or above water. (Stealth+)))
You have tentacles for arms and can constrict up to eight enemies at once.


Message History

The orc priest is severely wounded.
You constrict the orc priest.
You tentacle-slap the orc priest but do no damage.
You squeeze the orc priest.
You kill the orc priest!
Fedhas appreciates your contribution to the ecosystem.
No target in view!
Things that are here:
a +0 whip; a +0 chain mail; a +0 club HP restored.
Things that are here:
a +0 whip; a +0 chain mail; a +0 club You open the door.
There is an open door here.
An ice beast comes into view.
An ice beast is nearby!
An ice beast is nearby!
An ice beast is nearby!
Found a scroll labelled KEONEL JOTE.
The ice beast hits you. The ice beast freezes you!
You tentacle-slap the ice beast but do no damage.
Your squeeze misses the ice beast. The ice beast hits you.
The ice beast freezes you!
You bludgeon the ice beast!
The ice beast is moderately wounded.
Welcome back, Malachi the Octopode Shapeshifter.
Fedhas says: Spread life and death.
Press ? for a list of commands and other information.
You tentacle-slap the ice beast.
The ice beast is moderately wounded.
The ice beast hits you. The ice beast freezes you!
* * * LOW HITPOINT WARNING * * *
You tentacle-slap the ice beast but do no damage.
You squeeze the ice beast, but do no damage.
The ice beast is moderately wounded.
The ice beast hits you.
* * * LOW HITPOINT WARNING * * *
The ice beast freezes you!
You die...
Fedhas appreciates your contribution to the ecosystem.

..........# #.
######..### #.
#.......... #.
#.......##. #.
#####.......### #.
#...#.......# # ######.
#...#.......#
.......####...#.......#
.......Yh.....'.......#
......#########.......#
....? #.####### ....
#.# ... ##.# ..
#..##### . #......#
#..###.# #..#.#.#.###


You could see an ice beast.

Vanquished Creatures
  Edmund (D:5)
  A water moccasin (D:4)
  An orc warrior (D:5)
  2 phantoms (D:5)
  A hound (D:4)
  An orc priest (D:5)
  2 orc wizards (D:4)
  10 adders
  A worm (D:3)
  7 dart slugs
  6 orcs
  3 bats
  2 endoplasms
  A giant cockroach (D:1)
  5 goblins
  8 hobgoblins
  7 jackals (D:4)
  5 quokkas
  9 ball pythons
  2 frilled lizards
  5 kobolds
  10 rats
90 creatures vanquished.

Notes
Turn   | Place    | Note
-------+----------+-------------------------------------------
     0 | D:1      | Malachi the Octopode Shapeshifter began the quest for the
                  | Orb.
     0 | D:1      | Reached XP level 1. HP: 13/13 MP: 1/1
   161 | D:1      | Reached XP level 2. HP: 15/18 MP: 2/2
   830 | D:2      | Found an opulent altar of Gozag.
   914 | D:2      | Reached XP level 3. HP: 18/23 MP: 3/3
  1097 | D:2      | Reached XP level 4. HP: 23/29 MP: 4/4
  1799 | D:3      | Found a snail-covered altar of Cheibriados.
  1850 | D:3      | Found a glowing silver altar of Zin.
  1881 | D:3      | Found a faded altar of an unknown god.
  1979 | D:3      | Reached XP level 5. HP: 31/35 MP: 5/5
  2051 | D:3      | Found a stormy altar of Qazlal.
  2123 | D:3      | Found a shimmering blue altar of Sif Muna.
  2381 | D:3      | Prayed at the altar of an unknown god.
  2381 | D:3      | Became a worshipper of Fedhas Madash
  2381 | D:3      | Reached * piety under Fedhas
  2462 | D:4      | Found Yleuts's Jewellery Shoppe.
  2514 | D:4      | Found a staircase to the Ecumenical Temple.
  2547 | D:4      | Reached skill level 4 in Unarmed Combat
  2568 | D:4      | Reached XP level 6. HP: 37/41 MP: 6/6
  3096 | D:4      | Noticed a water moccasin
  3103 | D:4      | Killed a water moccasin
  3214 | D:4      | Found a hide-covered altar of Uskayaw.
  3430 | D:5      | Entered Level 5 of the Dungeon
  3461 | D:5      | Reached XP level 7. HP: 4/46 MP: 7/7
  3850 | D:5      | Noticed Edmund
  3861 | D:5      | Killed Edmund
  4277 | D:5      | Reached ** piety under Fedhas
  4278 | D:5      | Reached skill level 5 in Unarmed Combat
  4347 | D:5      | Upgraded the game from 0.31-a0-816-gd61d57ddb1 to
                  | 0.31-a0-835-g2a3a5bc3be
  4348 | D:5      | Slain by an ice beast

Illustrated notes

Levels and vault maps discovered:
D:1:      dpeg_arrival_houses_and_road, layout_loops_ring
D:2:      layout_basic, basic_altar, hangedman_decor_riveting, minmay_circle_x
D:3:      layout_rooms, mainiacjoe_overflow_brackets, kennysheep_slug_shrine,
          mainiacjoe_overflow_concentric_impassable, marbit_many_paths,
          shapermc_ecumenical_altar_flowoftime, minmay_shallow_snake_nest
D:4:      layout_basic, nicolae_uskayaw_murder_on_the_dancefloor,
          minmay_temple_entry_grid, serial_shops, shop
D:5:      layout_basic, chequers_garden, uniq_edmund

Skill      XL: |  1  2  3  4  5  6  7 |
---------------+----------------------+-----
Fighting       | 2 3 4 |  4.1
Dodging        | 3 4 |  4.5
Unarmed Combat | 4 5 |  5.1
Shapeshifting  | 4 |  4.8

Action                     |  1- 3 |  4- 6 |  7- 9 || total
---------------------------+-------+-------+-------++-------
  Melee: Unarmed           |    44 |   149 |    29 ||   222
         Tentacles         |    14 |    31 |     8 ||    53
         Constrict         |    13 |    33 |     6 ||    52
         Punch             |       |     4 |     1 ||     5
  Throw: Dart              |       |       |     2 ||     2
   Stab: Sleeping          |    12 |    10 |       ||    22
         Distracted        |       |     1 |       ||     1
 Armour: Skin              |    12 |    43 |    15 ||    70
  Dodge: Dodged            |    26 |    51 |    13 ||    90

Table legend: (Time is in decaauts)
 A = Elapsed time spent in this place.
 B = Non-inter-level travel time spent in this place.
 C = Inter-level travel time spent in this place.
 D = Time resting spent in this place.
 E = Time spent auto-exploring this place.
 F = Levels seen in this place.
 G = Mean time per level.
                   A        B        C        D        E       F      G
               +--------+--------+--------+--------+--------+-----+--------+
         Total |   4333 |   4131 |    202 |    756 |   2712 |   5 |  866.6 |
       Dungeon |   4333 |   4131 |    202 |    756 |   2712 |   5 |  866.6 |
               +--------+--------+--------+--------+--------+-----+--------+

Top non-repeatable levels by time:
     D:4: 1270 daAuts
     D:3: 910 daAuts
     D:1: 787 daAuts
     D:2: 694 daAuts
     D:5: 669 daAuts
